 Dungeon Crawl Stone Soup version 0.31-a0-236-g9a0961fb85 (webtiles) character file.

Game seed: 4024093230004856886

152 Shard1697 the Chopper (level 5, 0/46 HPs)
             Began as a Meteoran Fighter on July 10, 2023.
             Was an Initiate of Trog.
             Slain by a water moccasin (1 damage)
             ... on level 4 of the Dungeon.
             The game lasted 00:05:22 (1312 turns).

Shard1697 the Chopper (Meteoran Fighter)            Turns: 1312, Time: 00:05:22

Health: 0/46       AC: 12    Str: 18 (19) XL:     5   Next: 92%
Magic:  6/6        EV:  5    Int:  7 (10) God:    Trog [......]
Gold:   134        SH:  4    Dex: 11 (13) Spells: 4/4 levels left

rFire   . . .        a - +0 war axe
rCold   + . .        c - +0 buckler
rNeg    . . .        j - +0 plate armour
rPois   .            (no helmet)
rElec   .            n - +0 cloak
rCorr   .            (no gloves)
SInv    .            (no boots)
Will    .....        q - amulet of faith Stlth
                     k - ring of flight
HPRegen 0.27/turn    o - ring of protection from cold
MPRegen 0.10/turn

%: faith
@: lethally poisoned (0 -> -7), flying, glowing, invisible (but backlit and
visible)
A: sense surroundings 1, otherworldly, glowing, explore regen
a: Renounce Religion


You were on level 4 of the Dungeon.
You worshipped Trog.
Trog was noncommittal.
You visited 1 branch of the dungeon, and saw 4 of its levels.

You collected 134 gold pieces.

Inventory:

Hand Weapons
 a - a +0 war axe (weapon)
 t - a +0 morningstar
Armour
 c - a +0 buckler (worn)
 j - a +0 plate armour (worn)
 n - a +0 cloak (worn)
Jewellery
 k - a ring of flight (left hand)
 o - a ring of protection from cold (right hand)
 q - an amulet of faith (around neck)
Wands
 p - a wand of roots (8)
Scrolls
 e - 3 scrolls of teleportation {unknown}
 f - a scroll of silence {unknown}
 g - 2 scrolls of enchant armour {unknown}
 h - 4 scrolls of identify {unknown}
 l - 3 scrolls of revelation {unknown}
 m - 2 scrolls of fear {unknown}
Potions
 d - a potion of might
 i - a potion of brilliance {unknown}
 s - a potion of curing {unknown}


   Skills:
 + Level 3.6 Fighting
 + Level 6.2 Axes
 - Level 3.6 Armour
 - Level 3.6 Shields


You had 4 spell levels left.
You didn't know any spells.
Your spell library contained the following spells:

 Spells                   Type           Power      Damage    Failure   Level
 Sublimation of Blood     Necr           0%         N/A       100%        2
 Wereblood                Tmut           0%         N/A       100%        2
 Inner Flame              Hex/Fire       0%         N/A       100%        3
 Flame Wave               Conj/Fire      0%         2d4       100%        4
 Sticky Flame             Conj/Fire      0%         2d3       100%        4
 Summon Hydra             Summ           0%         N/A       100%        7


Dungeon Overview and Level Annotations

Branches:
Dungeon (4/15) Zot: 1044
 Temple: D:4-7

Altars:
Fedhas
Trog

Shops:
D:2 :


Innate Abilities, Weirdness & Mutations

You passively map a small area around you.
You are easily found by Zot.
You glow in the dark.
You regain HP and MP as you explore.


Message History

You feel very sick.
You block the water moccasin's attack. x2
You closely miss the water moccasin.
The water moccasin is almost dead.
You feel very sick. You block the water moccasin's attack.
The water moccasin bites you but does no damage.
You completely miss the water moccasin.
The water moccasin is almost dead.
You feel sick.
The water moccasin bites you but does no damage.
You closely miss the water moccasin.
The water moccasin is almost dead.
You feel sick. The water moccasin bites you.
You are lethally poisoned!
The water moccasin poisons you!
The water moccasin bites you but does no damage.
You miss the water moccasin.
The water moccasin is almost dead.
* * * LOW HITPOINT WARNING * * *
You feel very sick.
The water moccasin bites you but does no damage.
It was a potion of degeneration.
There was something very wrong with that liquid.
You feel weakened.
You feel dopey.
You feel clumsy.
* * * LOW HITPOINT WARNING * * *
You feel very sick.
The water moccasin bites you but does no damage. x2
You miss the water moccasin.
The water moccasin is almost dead.
* * * LOW HITPOINT WARNING * * *
You feel very sick.
The water moccasin bites you but does no damage.
It was a potion of invisibility.
You become transparent, but the glow from your body prevents you from becoming completely invisible.
* * * LOW HITPOINT WARNING * * *
You feel sick.
The water moccasin bites you but does no damage.
The water moccasin bites you.
You die...

, *.# , * ##.# *, , .#.#
##### * * ..#### ###..<#
#,, * , , >....## #...###
#.. * * #.##..###.#.# ,
+...##########.##........#
#..............##........#
..........S@........♣♣♣..#
####...########.#.....♣..#
, ..<..#. #.#..♣.....#
.#.#,#. #.#..♣♣♣...# #,
#.* #.#... ....# ,#.
#.#........# , * #.
#.......#### , ..
#########


You could see a water moccasin.

Vanquished Creatures
  Crazy Yiuf (D:2)
  Ijyb (D:3)
  4 adders
  A dart slug (D:2)
  4 orcs (D:3)
  3 bats
  An endoplasm (D:3)
  A giant cockroach (D:1)
  8 goblins
  11 hobgoblins
  4 jackals (D:2)
  4 quokkas
  2 ball pythons
  A frilled lizard (D:1)
  5 kobolds
  2 rats
53 creatures vanquished.

Notes
Turn   | Place    | Note
-------+----------+-------------------------------------------
     0 | D:1      | Shard1697 the Meteoran Fighter began the quest for the Orb.
     0 | D:1      | Reached XP level 1. HP: 19/19 MP: 2/2
   270 | D:1      | Reached skill level 3 in Axes
   270 | D:1      | Reached XP level 2. HP: 26/26 MP: 3/3
   440 | D:2      | Found Zusen's Book Boutique.
   482 | D:2      | Reached skill level 4 in Axes
   482 | D:2      | Reached XP level 3. HP: 17/31 MP: 4/4
   573 | D:2      | Found a blossoming altar of Fedhas.
   684 | D:2      | Reached XP level 4. HP: 38/38 MP: 5/5
   716 | D:2      | Found a runed translucent door.
   717 | D:2      | Noticed Crazy Yiuf
   724 | D:2      | Killed Crazy Yiuf
   725 | D:2      | Reached skill level 5 in Axes
   796 | D:3      | Reached XP level 5. HP: 45/45 MP: 6/6
   857 | D:3      | Noticed Ijyb
   871 | D:3      | Killed Ijyb
   913 | D:3      | Reached skill level 6 in Axes
  1221 | D:3      | Found a bloodstained altar of Trog.
  1250 | D:3      | Became a worshipper of Trog the Wrathful
  1292 | D:4      | Noticed a water moccasin
  1312 | D:4      | HP: 1/46 [poisoned by a water moccasin]
  1312 | D:4      | Slain by a water moccasin

Illustrated notes

Levels and vault maps discovered:
D:1:      mushboom_english_gardens, layout_basic, chequers_jeans
D:2:      layout_rooms, basic_altar, serial_shops, shop, uniq_crazy_yiuf_cottage
D:3:      corexii_shack_village, layout_rooms, trog_hazing_becter,
          serial_curves, eino_curves_03, eino_curves_02, wad_woods_river_04,
          uniq_ijyb
D:4:      corexii_shantytown, layout_basic, chequers_garden,
          kennysheep_another_room, minmay_strange_pillars,
          chequers_serial_rivers_small_a, uniq_menkaure

Skill      XL: |  1  2  3  4  5 |
---------------+----------------+-----
Axes           | 3 4 5 6 |  6.2
Fighting       | |  3.6
Armour         | |  3.6
Shields        | |  3.6

Action                     |  1- 3 |  4- 6 || total
---------------------------+-------+-------++-------
  Melee: War axe           |    60 |    97 ||   157
    Use: Potion            |       |     3 ||     3
 Armour: Scale mail        |     8 |       ||     8
         Plate armour      |    34 |    87 ||   121
  Dodge: Dodged            |    18 |    12 ||    30
  Block: Buckler           |    22 |    23 ||    45

Table legend: (Time is in decaauts)
 A = Elapsed time spent in this place.
 B = Non-inter-level travel time spent in this place.
 C = Inter-level travel time spent in this place.
 D = Time resting spent in this place.
 E = Time spent auto-exploring this place.
 F = Levels seen in this place.
 G = Mean time per level.
                   A        B        C        D        E       F      G
               +--------+--------+--------+--------+--------+-----+--------+
         Total |   1354 |   1213 |    141 |      0 |     10 |   4 |  338.5 |
       Dungeon |   1354 |   1213 |    141 |      0 |     10 |   4 |  338.5 |
               +--------+--------+--------+--------+--------+-----+--------+

Top non-repeatable levels by time:
     D:1: 519 daAuts
     D:3: 496 daAuts
     D:2: 287 daAuts
     D:4: 51 daAuts
